ITL
AMARILLO ARCHDUKES @ INDIANA HOUNDS
07/06/2026
 
TOP OF THE 1ST
Amarillo Archdukes batting - Pitching for Indiana Hounds : LHP Daniel Gregory
Pitching: LHP Daniel Gregory
Batting: RHB Mitsuoki Taguchi 0-0: Ground out 6-3 (Groundball, 6)
Batting: LHB Howard Lambert 0-0: Called Strike
0-1: Ball
1-1: Ball
2-1: Foul Ball, location: 2F
2-2: Ball
3-2: Strikes out swinging
Batting: RHB Jorge Espinosa 0-0: Called Strike
0-1: Foul Ball, location: 2F
0-2: Strikes out swinging
Top of the 1st over - 0 run(s), 0 hit(s), 0 error(s), 0 left on base; Amarillo 0 - Indiana 0
BOTTOM OF THE 1ST
Indiana Hounds batting - Pitching for Amarillo Archdukes : RHP Ignacio Torres
Pitching: RHP Ignacio Torres
Batting: RHB Víctor Chávez 0-0: Called Strike
0-1: Swinging Strike
0-2: Ground out 4-3 (Groundball, 4M)
Batting: LHB Clint Parkinson 0-0: Fly out, F8 (Flyball, 8RD)
Batting: RHB Doug Murray 0-0: Called Strike
0-1: Foul Ball, location: 2F
0-2: Ball
1-2: Ball
2-2: Fly out, F9 (Flyball, 89M)
Bottom of the 1st over - 0 run(s), 0 hit(s), 0 error(s), 0 left on base; Amarillo 0 - Indiana 0
TOP OF THE 2ND
Amarillo Archdukes batting - Pitching for Indiana Hounds : LHP Daniel Gregory
Batting: RHB Tim Chambers 0-0: Ball
1-0: Foul Ball, location: 2F
1-1: Swinging Strike
1-2: Ball
2-2: Strikes out swinging
Batting: LHB Chris Pryor 0-0: Swinging Strike
0-1: Ball
1-1: Foul Ball, location: 2F
1-2: Ball
2-2: Ball
3-2: Foul Ball, location: 2F
3-2: Foul Ball, location: 2F
3-2: Ground out U3 (Groundball, 3S)
Batting: RHB José Tamayo 0-0: Called Strike
0-1: Ball
1-1: Foul Ball, location: 2F
1-2: Foul Ball, location: 2F
1-2: Fly out, F7 (Flyball, 7M)
Top of the 2nd over - 0 run(s), 0 hit(s), 0 error(s), 0 left on base; Amarillo 0 - Indiana 0
BOTTOM OF THE 2ND
Indiana Hounds batting - Pitching for Amarillo Archdukes : RHP Ignacio Torres
Batting: LHB Dave Helásquez 0-0: Called Strike
0-1: Foul Ball, location: 2F
0-2: Foul Ball, location: 2F
0-2: Ball
1-2: Foul Ball, location: 2F
1-2: SINGLE (Line Drive, 78S)
Batting: RHB Danny Walker 0-0: 2-RUN HOME RUN (Flyball, 7D), Distance : 367 ft
Batting: RHB Shawn Marshall 0-0: Called Strike
0-1: Swinging Strike
0-2: Foul Ball, location: 2F
0-2: Strikes out looking
Batting: LHB Dave Watson 0-0: SOLO HOME RUN (Flyball, 9D), Distance : 360 ft
Batting: RHB António Venecia 0-0: Ball
1-0: Ball
2-0: Ball
3-0: Called Strike
3-1: Base on Balls
Batting: RHB Paco Castillo 0-0: Ball
1-0: Ball
2-0: Ball
3-0: Base on Balls
António Venecia to second
Batting: RHB Víctor Chávez 0-0: Swinging Strike
0-1: Swinging Strike
0-2: Ball
1-2: Foul Ball, location: 2F
1-2: Strikes out swinging
Batting: LHB Clint Parkinson 0-0: Called Strike
0-1: 3-RUN HOME RUN (Flyball, 8LXD), Distance : 408 ft
Batting: RHB Doug Murray 0-0: Ground out 6-3 (Groundball, 6M)
Bottom of the 2nd over - 6 run(s), 4 hit(s), 0 error(s), 0 left on base; Amarillo 0 - Indiana 6
TOP OF THE 3RD
Amarillo Archdukes batting - Pitching for Indiana Hounds : LHP Daniel Gregory
Batting: SHB António De La Cruz 0-0: Called Strike
0-1: Ball
1-1: SINGLE (Groundball, 56)
Batting: LHB Jorge Martínez 0-0: Foul Ball, location: 2F
0-1: Foul Ball, location: 2F
0-2: Ball
1-2: Ball
2-2: Foul Ball, location: 2F
2-2: Ball
3-2: Base on Balls
António De La Cruz to second
Batting: RHB Mark Roy 0-0: Swinging Strike
0-1: Called Strike
0-2: Strikes out swinging
Batting: RHB Mitsuoki Taguchi 0-0: Called Strike
0-1: Ball
1-1: Ball
2-1: Foul Ball, location: 2F
2-2: SINGLE (Groundball, 6)
António De La Cruz to third
Jorge Martínez to second
Batting: LHB Howard Lambert 0-0: Foul Ball, location: 2F
0-1: SINGLE (Groundball, 34D) (infield hit)
António De La Cruz scores
Jorge Martínez to third
Mitsuoki Taguchi to second
Batting: RHB Jorge Espinosa 0-0: Called Strike
0-1: Fly out, F3 (Popup, 13)
Batting: RHB Tim Chambers 0-0: Swinging Strike
0-1: Ball
1-1: Foul Ball, location: 2F
1-2: Foul Ball, location: 2F
1-2: Ball
2-2: Foul Ball, location: 2F
2-2: Foul Ball, location: 2F
2-2: Foul Ball, location: 2F
2-2: Foul Ball, location: 2F
2-2: Ball
3-2: Foul Ball, location: 2F
3-2: Base on Balls
Jorge Martínez scores
Mitsuoki Taguchi to third
Howard Lambert to second
Batting: LHB Chris Pryor 0-0: Fielders Choice at 2nd, U6 (Groundball, 6M)
Top of the 3rd over - 2 run(s), 3 hit(s), 0 error(s), 3 left on base; Amarillo 2 - Indiana 6
BOTTOM OF THE 3RD
Indiana Hounds batting - Pitching for Amarillo Archdukes : RHP Ignacio Torres
Batting: LHB Dave Helásquez 0-0: Called Strike
0-1: Ball
1-1: Swinging Strike
1-2: Strikes out swinging
Batting: RHB Danny Walker 0-0: Called Strike
0-1: SINGLE (Line Drive, 34)
Batting: RHB Shawn Marshall 0-0: Called Strike
0-1: Called Strike
0-2: Ball
1-2: Fly out, F9 (Flyball, 9S)
Batting: LHB Dave Watson 0-0: Ball
1-0: Called Strike
1-1: Swinging Strike
1-2: DOUBLE (Flyball, 8LXD)
Danny Walker to third
Runner from 3rd tries for Home, SAFE, no throw or cutoff
Batting: RHB António Venecia 0-0: Ball
1-0: Foul Ball, location: 2F
1-1: Ball
2-1: Foul Ball, location: 2F
2-2: SINGLE (Groundball, 4MD)
Dave Watson to third
Runner from 3rd tries for Home, SAFE, no throw or cutoff
Batting: RHB Paco Castillo 0-0: Ground out 1-3 (Groundball, 13)
Bottom of the 3rd over - 2 run(s), 3 hit(s), 0 error(s), 1 left on base; Amarillo 2 - Indiana 8
TOP OF THE 4TH
Amarillo Archdukes batting - Pitching for Indiana Hounds : LHP Daniel Gregory
Batting: RHB José Tamayo 0-0: Ball
1-0: Foul Ball, location: 2F
1-1: Called Strike
1-2: Foul Ball, location: 2F
1-2: Strikes out swinging
Batting: SHB António De La Cruz 0-0: Swinging Strike
0-1: Ball
1-1: Swinging Strike
1-2: Ball
2-2: Strikes out swinging
Batting: LHB Jorge Martínez 0-0: Called Strike
0-1: Ball
1-1: Ball
2-1: Swinging Strike
2-2: Ground out 4-3 (Groundball, 34)
Top of the 4th over - 0 run(s), 0 hit(s), 0 error(s), 0 left on base; Amarillo 2 - Indiana 8
BOTTOM OF THE 4TH
Indiana Hounds batting - Pitching for Amarillo Archdukes : RHP Ignacio Torres
Pitching: LHP Glenn Dunn
Batting: RHB Víctor Chávez 0-0: Ball
1-0: Called Strike
1-1: Ball
2-1: Foul Ball, location: 2F
2-2: Ball
3-2: Fly out, F3 (Popup, 3SF)
Batting: LHB Clint Parkinson 0-0: Called Strike
0-1: Fly out, F5 (Popup, 5F)
Batting: RHB Doug Murray 0-0: Ball
1-0: Fly out, F6 (Line Drive, 6)
Bottom of the 4th over - 0 run(s), 0 hit(s), 0 error(s), 0 left on base; Amarillo 2 - Indiana 8
TOP OF THE 5TH
Amarillo Archdukes batting - Pitching for Indiana Hounds : LHP Daniel Gregory
Batting: RHB Mark Roy 0-0: Called Strike
0-1: Ball
1-1: Fly out, F3 (Popup, 3DF)
Batting: RHB Mitsuoki Taguchi 0-0: Ball
1-0: Ground out 5-3 (Groundball, 5L)
Batting: LHB Howard Lambert 0-0: Foul Ball, location: 2F
0-1: Foul Ball, location: 2F
0-2: Ball
1-2: Ball
2-2: Ground out U3 (Groundball, 3L)
Top of the 5th over - 0 run(s), 0 hit(s), 0 error(s), 0 left on base; Amarillo 2 - Indiana 8
BOTTOM OF THE 5TH
Indiana Hounds batting - Pitching for Amarillo Archdukes : LHP Glenn Dunn
Batting: LHB Dave Helásquez 0-0: Called Strike
0-1: Fly out, F7 (Line Drive, 7S)
Batting: RHB Danny Walker 0-0: Swinging Strike
0-1: Ball
1-1: Ball
2-1: SOLO HOME RUN (Line Drive, 78XD), Distance : 407 ft
Batting: RHB Shawn Marshall 0-0: Ball
1-0: Foul Ball, location: 2F
1-1: Foul Ball, location: 2F
1-2: Strikes out swinging
Batting: LHB Dave Watson 0-0: Foul Ball, location: 2F
0-1: Foul Ball, location: 2F
0-2: Foul Ball, location: 2F
0-2: Ball
1-2: Fly out, F9 (Line Drive, 89D)
Bottom of the 5th over - 1 run(s), 1 hit(s), 0 error(s), 0 left on base; Amarillo 2 - Indiana 9
TOP OF THE 6TH
Amarillo Archdukes batting - Pitching for Indiana Hounds : LHP Daniel Gregory
Pitching: RHP Rob Fields
Batting: RHB Jorge Espinosa 0-0: Ball
1-0: Ball
2-0: Ball
3-0: Base on Balls
Batting: RHB Tim Chambers 0-0: Swinging Strike
0-1: Foul Ball, location: 2F
0-2: Ball
1-2: Ball
2-2: Foul Ball, location: 2F
2-2: Foul Ball, location: 2F
2-2: Foul Ball, location: 2F
2-2: Strikes out swinging
Batting: LHB Chris Pryor 0-0: Foul Ball, location: 2F
0-1: Ball
1-1: Foul Ball, location: 2F
1-2: Foul Ball, location: 2F
1-2: Foul Ball, location: 2F
1-2: Ball
2-2: Fly out, F8 (Flyball, 8RM)
Batting: RHB José Tamayo 0-0: Called Strike
0-1: Ball
1-1: Foul Ball, location: 2F
1-2: Ball
Jorge Espinosa steals 2nd base
2-2: Ball
3-2: Foul Ball, location: 2F
3-2: Strikes out looking
Top of the 6th over - 0 run(s), 0 hit(s), 0 error(s), 1 left on base; Amarillo 2 - Indiana 9
BOTTOM OF THE 6TH
Indiana Hounds batting - Pitching for Amarillo Archdukes : LHP Glenn Dunn
Batting: RHB António Venecia 0-0: Ball
1-0: Ball
2-0: Foul Ball, location: 2F
2-1: Ball
3-1: Foul Ball, location: 2F
3-2: Foul Ball, location: 2F
3-2: Base on Balls
Batting: RHB Paco Castillo 0-0: Ball
1-0: Ball
2-0: Called Strike
2-1: Fly out, F9 (Line Drive, 9M)
Batting: RHB Víctor Chávez 0-0: Ball
1-0: Ball
2-0: SINGLE (Groundball, 56D)
António Venecia to second
Batting: LHB Clint Parkinson 0-0: Called Strike
0-1: Foul Ball, location: 2F
0-2: Foul Ball, location: 2F
0-2: Strikes out swinging
Batting: RHB Doug Murray 0-0: Ball
1-0: Ball
2-0: Called Strike
2-1: Ground out 5-3 (Groundball, 56S)
Bottom of the 6th over - 0 run(s), 1 hit(s), 0 error(s), 2 left on base; Amarillo 2 - Indiana 9
TOP OF THE 7TH
Amarillo Archdukes batting - Pitching for Indiana Hounds : RHP Rob Fields
Batting: SHB António De La Cruz 0-0: Ground out 6-3 (Groundball, 6)
Batting: LHB Jorge Martínez 0-0: Ball
1-0: Ball
2-0: Ball
3-0: Called Strike
3-1: Swinging Strike
3-2: SINGLE (Line Drive, 4)
Batting: RHB Mark Roy 0-0: Called Strike
0-1: Ball
1-1: Ball
Wild Pitch!
Jorge Martínez to second
2-1: Foul Ball, location: 2F
2-2: Strikes out looking
Batting: RHB Mitsuoki Taguchi 0-0: Ball
1-0: SINGLE (Flyball, 4MD)
Jorge Martínez to third
Runner from 3rd tries for Home, SAFE, no throw or cutoff
Batting: LHB Howard Lambert 0-0: 2-RUN HOME RUN (Flyball, 78XD), Distance : 384 ft
Pitching: LHP Tatsui Tanaka
Batting: RHB Jorge Espinosa 0-0: Ball
1-0: Swinging Strike
1-1: Swinging Strike
1-2: Strikes out swinging
Top of the 7th over - 3 run(s), 3 hit(s), 0 error(s), 0 left on base; Amarillo 5 - Indiana 9
BOTTOM OF THE 7TH
Indiana Hounds batting - Pitching for Amarillo Archdukes : LHP Glenn Dunn
Batting: LHB Dave Helásquez 0-0: Ball
1-0: Ball
2-0: Swinging Strike
2-1: Called Strike
2-2: Ball
3-2: Base on Balls
Pitching: RHP Atsushi Kataoka
Batting: RHB Danny Walker 0-0: Ball
1-0: Ball
2-0: Ball
Wild Pitch!
Dave Helásquez to second
3-0: Called Strike
3-1: Foul Ball, location: 2F
3-2: Base on Balls
Batting: RHB Shawn Marshall 0-0: Ball
1-0: Called Strike
1-1: SINGLE (Groundball, 6MD)
Dave Helásquez to third
Danny Walker to second
Pitching: LHP Charlie Conner
Batting: LHB Dave Watson 0-0: Called Strike
0-1: Ball
1-1: Called Strike
1-2: Strikes out swinging
Pitching: RHP Frederick Kern
Batting: RHB António Venecia 0-0: Swinging Strike
0-1: Ball
1-1: Ball
2-1: Ball
3-1: Foul Ball, location: 2F
3-2: Strikes out swinging
Batting: RHB Paco Castillo 0-0: Ball
1-0: Foul Ball, location: 2F
1-1: Foul Ball, location: 2F
1-2: Ball
2-2: Reached on Error, E7 (Flyball, 7M)
Dave Helásquez scores
Danny Walker scores
Shawn Marshall to third
Batting: RHB Víctor Chávez 0-0: Called Strike
0-1: Foul Ball, location: 2F
0-2: Foul Ball, location: 2F
0-2: Ball
1-2: Strikes out swinging
Bottom of the 7th over - 2 run(s), 1 hit(s), 1 error(s), 2 left on base; Amarillo 5 - Indiana 11
TOP OF THE 8TH
Amarillo Archdukes batting - Pitching for Indiana Hounds : LHP Tatsui Tanaka
Batting: RHB Tim Chambers 0-0: Called Strike
0-1: Ball
1-1: Foul Ball, location: 2F
1-2: Strikes out swinging
Batting: LHB Chris Pryor 0-0: Ball
1-0: Called Strike
1-1: Ball
2-1: Ball
3-1: Base on Balls
Batting: RHB José Tamayo 0-0: Ball
1-0: SINGLE (Groundball, 6M)
Chris Pryor to second
Runner from 2nd tries for 3rd, SAFE, no throw or cutoff
Batting: SHB António De La Cruz 0-0: Ball
1-0: Foul Ball, location: 2F
1-1: Foul Ball, location: 2F
1-2: Ball
2-2: Ball
3-2: SINGLE (Line Drive, 4MD)
Chris Pryor scores
José Tamayo to second
Batting: LHB Jorge Martínez 0-0: Fly out, F9 (Flyball, 89D)
Runner from 2nd tags up, SAFE at 3rd, no throw
Batting: RHB Mark Roy 0-0: Called Strike
0-1: Ball
1-1: Foul Ball, location: 2F
1-2: Strikes out swinging
Top of the 8th over - 1 run(s), 2 hit(s), 0 error(s), 2 left on base; Amarillo 6 - Indiana 11
BOTTOM OF THE 8TH
Indiana Hounds batting - Pitching for Amarillo Archdukes : RHP Frederick Kern
Batting: LHB Clint Parkinson 0-0: Foul Ball, location: 2F
0-1: Ground out 6-3 (Groundball, 6MS)
Batting: RHB Doug Murray 0-0: Foul Ball, location: 2F
0-1: Ball
1-1: Ball
2-1: Foul Ball, location: 2F
2-2: Ball
3-2: Base on Balls
Batting: LHB Dave Helásquez 0-0: Called Strike
0-1: Ball
1-1: Grounds into double play, 4-6-3 (Groundball, 4M)
Bottom of the 8th over - 0 run(s), 0 hit(s), 0 error(s), 0 left on base; Amarillo 6 - Indiana 11
TOP OF THE 9TH
Amarillo Archdukes batting - Pitching for Indiana Hounds : LHP Tatsui Tanaka
Batting: RHB Mitsuoki Taguchi 0-0: Fly out, F8 (Flyball, 8LM)
Batting: LHB Howard Lambert 0-0: Called Strike
0-1: Swinging Strike
0-2: Ball
1-2: Foul Ball, location: 2F
1-2: Ball
2-2: Strikes out looking
Batting: RHB Jorge Espinosa 0-0: Ball
1-0: Foul Ball, location: 2F
1-1: Ball
2-1: SINGLE (Line Drive, 89S)
Batting: RHB Tim Chambers 0-0: Foul Ball, location: 2F
0-1: Ball
1-1: Ball
2-1: Fielders Choice at 2nd, U4 (Groundball, 4M)
Top of the 9th over - 0 run(s), 1 hit(s), 0 error(s), 1 left on base; Amarillo 6 - Indiana 11
Monday, December 5th, 2016 - OOTP Baseball 17.12 Build 75